[Event "St Kilda East and Caulfield Chess Club T3 2025 Under 1600 Mondays"]
[Site "St Kilda East, Australia"]
[Date "2025.07.28"]
[Round "1.4"]
[White "Heideman, Don"]
[Black "Budianto, Youshan"]
[Result "0-1"]
[TimeControl "60 minutes per player per game plus 10 secionds per move from move one"]
[WhiteElo "478"]
[BlackElo "1032"]

1. d4 d5 2. Nf3 Nc6 3. Bf4 Nf6 4. e3 a6 5. Be2 g6 6. O-O Bg7 7. c3 O-O 8. Nbd2 Bf5 9. Ne5 Nxe5 10.
Bxe5 Ne4 11. Bxg7 Kxg7 12. Nxe4 dxe4 13. Bg4 Qd7 14. f3 exf3 15. Bxf3 c6 16. d5 h5 17. e4 Bg4 18. c4 Bxf3 19.
Qxf3 cxd5 20. cxd5 Rac8 21. Rfd1 Qg4 22. Qxg4 hxg4 23. b4 Rc4 24. d6 exd6 25. Rxd6 Rxb4 26. Re1 Re8 27. e5 Rb5 28.
e6 fxe6 29. Rexe6 Rxe6 30. Rxe6 Rb1+ 31. Kf2 Rb2+ 32. Re2 Rxe2+ 33. Kxe2 Kf6 34. Ke3 Ke5 35. h3 gxh3 36. gxh3 b5 37.
Kf3 g5 38. Kg4 Kf6 39. Kf3 Kf5 40. a3 a5 41. Ke2 Kf4 42. Kf2 b4 43. axb4 axb4 0-1

[Event "St Kilda East and Caulfield Chess Club T3 2025 Under 1600 Mondays"]
[Site "St Kilda East, Australia"]
[Date "2025.07.28"]
[Round "1.1"]
[White "Salama, John"]
[Black "Shore, Isaac"]
[Result "0-1"]
[TimeControl "60 minutes per player per game plus 10 secionds per move from move one"]
[WhiteElo "1296"]
[BlackElo "562"]

1. d4 c6 2. Nf3 d5 3. e3 Bf5 4. Bd3 Bxd3 5. Qxd3 e6 6. O-O Nd7 7. Nbd2 Ngf6 8. Re1 Bd6 9. e4 O-O 10.
e5 Ne4 11. Nxe4 dxe4 12. Qxe4 Bc7 13. Bg5 Qc8 14. Qh4 Bd8 15. Re3 h6 16. Bxd8 Qxd8 17. Qxd8 Raxd8 18. Rb3 b6 19. Kf1 c5 20.
Rd1 cxd4 21. Rbd3 Rfe8 22. Rxd4 Re7 23. b4 Kf8 24. c4 Ke8 25. a4 f6 26. Ke2 Rb8 27. exf6 gxf6 28. Rh4 a5 29.
bxa5 bxa5 30. Rxh6 Rb2+ 31. Rd2 Rxd2+ 32. Kxd2 Nc5 33. Rh8+ Kf7 34. Rh7+ Ke8 35. Rxe7+ Kxe7 36. Nd4 Kd6 37. h4 e5 38. Nc6 Kxc6 39. h5 Ne4+ 40. Ke3 f5 41. g4 Nf6 42.
gxf5 Nxh5 43. Ke4 Kd6 44. f3 Ng3+ 0-1

[Event "St Kilda East and Caulfield Chess Club T3 2025 Under 1600 Mondays"]
[Site "St Kilda East, Australia"]
[Date "2025.07.28"]
[Round "1.2"]
[White "Gordon, Samuel"]
[Black "Beckman, John"]
[Result "0-1"]
[TimeControl "60 minutes per player per game plus 10 secionds per move from move one"]
[WhiteElo "526"]
[BlackElo "1201"]

1. e4 e5 2. Nf3 Nc6 3. Bc4 h6 4. b3 Nf6 5. d3 Bc5 6. O-O O-O 7. Bb2 d6 8. h3 Na5 9. d4 Nxc4 10.
bxc4 exd4 11. Bxd4 Bxd4 12. Qxd4 Be6 13. Nc3 a6 14. Rab1 Rb8 15. Nd5 Nd7 16. Rfd1 Re8 17. a4 f5 18. exf5 Bxf5 19. Ne3 Be6 20.
Re1 Qf6 21. Qxf6 Nxf6 22. Nd5 Nxd5 23. cxd5 Bxd5 24. Rxe8+ Rxe8 25. Nd4 g6 26. f3 c5 27. Nb3 b5 28. axb5 axb5 29. Na5 b4 30.
Kf2 Kf7 31. Rc1 Ra8 32. Nb3 Ra2 33. Ke3 Bxb3 34. cxb3 Rxg2 35. Rd1 Ke6 36. Rd3 g5 37. Rd2 Rg3 38. Rh2 h5 39. Kf2 h4 40. Rh1 Ke5 41. Ke3 d5 42.
Kd4+ 0-1

[Event "St Kilda East and Caulfield Chess Club T3 2025 Under 1600 Mondays"]
[Site "St Kilda East, Australia"]
[Date "2025.07.28"]
[Round "1.3"]
[White "O'Connor, Alistair"]
[Black "Lin, Jayden"]
[Result "1-0"]
[TimeControl "60 minutes per player per game plus 10 secionds per move from move one"]
[WhiteElo "1053"]
[BlackElo "499"]

1. c4 e5 2. g3 d5 3. cxd5 Qxd5 4. Nf3 Nc6 5. Nc3 Qe6 6. Bg2 b6 7. Nxe5 Bb7 8. d4 Qd6 9. Qa4 O-O-O 10. Bxc6 Bxc6 11. Qxc6 Qxc6 12. Nxc6 Re8 13. Nxa7+ Kb7 14. Nab5 Nf6 15. Bf4 Bb4 16. O-O Bxc3 17. bxc3 Rxe2 18.
a4 Nd5 19. Be3 Nxe3 20. fxe3 Rxe3 21. Rxf7 Kc6 22. c4 g5 23. Rxc7# 1-0

[Event "St Kilda East and Caulfield Chess Club T3 2025 Under 1600 Mondays"]
[Site "St Kilda East, Australia"]
[Date "2025.07.28"]
[Round "1.5"]
[White "Karboulahanos, Kris"]
[Black "Yong, Leonard"]
[Result "0-1"]
[TimeControl "60 minutes per player per game plus 10 secionds per move from move one"]
[WhiteElo "1029"]
[BlackElo "449"]

1. e4 e5 2. Nc3 Nf6 3. Nf3 Nc6 4.
Bc4 Nxe4 5. Nxe4 d5 6. Bxd5 Qxd5 7. d3 Bf5 8. c4 Bb4+ 9. Bd2 Qa5 10. O-O Bxe4 11. Bxb4 Qxb4 12. dxe4 Qxc4 13.
Nd2 Qb5 14. b3 O-O-O 15. Qg4+ Kb8 16. Nc4 Rd4 17. Qxg7 Rhd8 18. Qxf7 Na5 19. Nxa5 Qxa5 20. Qxh7 Qc3 21. Rac1 Qxc1 22.
h3 Qg5 23. Kh2 Rg8 24. g3 Rd2 25. Kg2 Qxg3+ 26. Kh1 Qg2# 0-1

[Event "St Kilda East and Caulfield Chess Club T3 2025 Under 1600 Mondays"]
[Site "St Kilda East, Australia"]
[Date "2025.07.28"]
[Round "1.6"]
[White "Feng, Austin"]
[Black "Nash, Paul"]
[Result "0-1"]
[TimeControl "60 minutes per player per game plus 10 secionds per move from move one"]
[WhiteElo "448"]
[BlackElo "1009"]

1. e4 e5 2. Nf3 Nc6 3. Bc4 Nf6 4. Ng5 Bc5 5. Nxf7 Bxf2+ 6. Kxf2 Nxe4+ 7. Ke1 Qh4+ 8. g3 Nxg3 9. hxg3 Qxh1+ 10. Ke2 Nd4+ 0-1